 Dungeon Crawl Stone Soup version 0.17-a0-1572-g7a1422d (webtiles) character file.

1314 karlkraus the Skirmisher (level 8, -2/64 HPs)
             Began as a Demonspawn Abyssal Knight on July 24, 2015.
             Was a Priest of Lugonu.
             Slain by Duvessa
             ... wielding a +4 short sword of speed
              (6 damage)
             ... on level 5 of the Dungeon.
             The game lasted 00:27:46 (7431 turns).

karlkraus the Skirmisher (DsAK)                     Turns: 7431, Time: 00:27:46

Health: -2/64      AC: 16    Str: 14    XL:     8   Next: 32%
Magic:  10/10      EV:  7    Int: 13    God:    Lugonu [***...]
Gold:   122        SH:  0    Dex: 12    Spells: 0 memorised, 7 levels left

rFire  . . .     SeeInvis .     a - +1 mace
rCold  + . .     Clarity  .     r - +1 chain mail
rNeg   + . .     SustAt   .     (no shield)
rPois  .         Gourm    .     (helmet restricted)
rElec  .         Spirit   .     (no cloak)
rCorr  .         Warding  .     (no gloves)
rMut   .         Stasis   .     e - +2 pair of boots
MR     .....                    (no amulet)
Stlth  ..........               (no ring)
                                t - ring of positive energy

@: very slightly contaminated, invisible, not resistant to hostile enchantments,
extremely unstealthy
A: horns 1, talons 2, rugged brown scales 1, blurry vision 1, cold resistance 1,
dopey 1, shaggy fur 1, wild magic 1, freezing cloud immunity
a: Depart the Abyss, Bend Space, Banish, Renounce Religion


You were on level 5 of the Dungeon.
You worshipped Lugonu.
Lugonu was most pleased with you.
You were hungry.

You visited 1 branch of the dungeon, and saw 6 of its levels.
You visited the Abyss 1 time.

You collected 122 gold pieces.

Inventory:

Hand weapons
 a - a +1 mace (weapon)
Armour
 e - a +2 pair of boots (worn)
 o - a +2 pair of boots
 r - a +1 chain mail (worn)
Jewellery
 t - a ring of positive energy (left hand)
Scrolls
 f - 2 scrolls of fear {unknown}
 g - 2 scrolls of immolation {unknown}
 j - a scroll of recharging
 n - 6 scrolls of teleportation
 p - a scroll of amnesia
 q - a scroll of fog
Potions
 l - a potion of invisibility
Books
 h - a book of Burglary

   Spells                             Type                      Level
   a - Swiftness                      Charms/Air                   2
   b - Passwall                       Transmutation/Earth          3
   c - Passage of Golubria            Translocation                4
   d - Lee's Rapid Deconstruction     Earth                        5
   e - Invisibility                   Hexes                        6
   f - Darkness                       Hexes                        7
Comestibles
 c - 3 bread rations
 k - a meat ration


   Skills:
 + Level 5.5 Fighting
 + Level 5.3 Maces & Flails
 + Level 5.3 Armour
 + Level 3.3 Dodging
 + Level 0.4 Stealth
 + Level 3.7 Invocations


You had 7 spell levels left.
You didn't know any spells.

Dungeon Overview and Level Annotations

Branches:
Dungeon (6/15)
 Temple: D:4-7

Altars:
Dithmenos
Gozag
Ru
Trog
Yredelemnul

Shops:
D:5 }

Annotations:
D:5 Dowan, Duvessa
Abyss:1 Sigmund


Innate Abilities, Weirdness & Mutations

You have razor-sharp toenails.
You are partially covered in rugged brown scales (AC +1, +3% HP).
Your flesh is cold resistant.
You are immune to freezing clouds.
You have a pair of small horns on your head.
Scrolls take you a little longer to read.
You are dopey. (Int -2)
You are covered in fur (AC +1).
Your spells are a little harder to cast, but a little more powerful.


Message History

Duvessa is heavily wounded.
Duvessa hits you with a short sword of speed.
* * * LOW HITPOINT WARNING * * *
Duvessa barely misses you.
You miss Duvessa.
Duvessa is heavily wounded.
Duvessa hits you with a short sword of speed.
* * * LOW HITPOINT WARNING * * *
Duvessa barely misses you.
You hit Duvessa.
Duvessa is severely wounded.
Duvessa barely misses you.
Duvessa hits you with a short sword of speed.
* * * LOW HITPOINT WARNING * * *
Your chain mail prevents you from hitting Duvessa.
Your headbutt misses Duvessa.
Duvessa is severely wounded.
Duvessa gestures with her weapon.
Duvessa hits you with a short sword of speed.
You die...

##..# ##...# #..##
#.... ##..# ##...
#..## #...
#...####...
##....##....
####.....#.....
#####...e.........#
#.@e..######.....##
####### ###...#.
######.......
#######............
#..................
#######............
#####........
##..##... ##..##...


You could see Duvessa and Dowan.

Vanquished Creatures
  An ice beast (D:5)
  3 ogres
  A phantom (D:4)
  3 crimson imps
  5 hounds
  3 orc wizards
  An iguana (D:5)
  A jelly (D:5)
  7 worker ants
  5 adders
  3 gnolls (D:3)
  An ooze (D:2)
  2 worms
  3 giant geckos
  6 orcs
  A bat skeleton (D:4)
  9 giant cockroaches
  21 goblins
  14 hobgoblins
  6 jackals
  8 kobolds
  9 bats
  A giant gecko skeleton (D:4)
  A giant gecko zombie (D:5)
  9 giant newts
  2 quokkas
  9 rats
135 creatures vanquished.

Vanquished Creatures (others)
  An ogre (D:6)
1 creature vanquished.

Grand Total: 136 creatures vanquished

Notes
Turn   | Place    | Note
--------------------------------------------------------------
     0 | Abyss:1  | karlkraus the Demonspawn Abyssal Knight began the quest for the Orb.
     0 | Abyss:1  | Reached XP level 1. HP: 18/18 MP: 2/2
     1 | D:1      | Escaped the Abyss
   464 | D:1      | Acquired Lugonu's first power
   485 | D:1      | Gained mutation: You have sharp toenails. [demonic ancestry]
   485 | D:1      | Reached XP level 2. HP: 20/24 MP: 3/3
  1002 | D:2      | Reached skill level 1 in Dodging
  1206 | D:2      | Reached XP level 3. HP: 29/29 MP: 5/5
  1212 | D:2      | Found a faded altar to an unknown god.
  1253 | D:2      | Found a bloodstained altar of Trog.
  1323 | D:2      | Found a basalt altar of Yredelemnul.
  1992 | D:2      | Acquired Lugonu's second power
  2055 | D:2      | Gained mutation: Your flesh is cold resistant. [demonic ancestry]
  2055 | D:2      | Reached XP level 4. HP: 9/36 MP: 6/6
  2437 | D:2      | Found a sacrificial altar of Ru.
  2440 | D:2      | Found an opulent altar of Gozag.
  2843 | D:3      | Gained mutation: You are immune to freezing clouds. [demonic ancestry]
  2843 | D:3      | Reached XP level 5. HP: 42/42 MP: 7/7
  2975 | D:3      | Reached skill level 4 in Fighting
  3475 | D:3      | Acquired Lugonu's third power
  3579 | D:3      | Reached XP level 6. HP: 12/48 MP: 8/8
  4414 | D:4      | Found a shadowy altar of Dithmenos.
  4839 | D:4      | Noticed Sigmund
  4842 | D:4      | Banished Sigmund
  4842 | D:4      | Gained mutation: You are partially covered in rugged brown scales (AC +1, +3% HP). [demonic ancestry]
  4842 | D:4      | Reached XP level 7. HP: 46/56 MP: 9/9
  5620 | D:5      | Entered Level 5 of the Dungeon
  5620 | D:5      | Found Suonne's Gadget Boutique.
  5650 | D:5      | Gained mutation: You are covered in fur (AC +1). [potion of mutation]
  5650 | D:5      | Gained mutation: Scrolls take you a little longer to read. [potion of mutation]
  5650 | D:5      | Gained mutation: Your spells are a little harder to cast, but a little more powerful. [potion of mutation]
  5651 | D:5      | Gained mutation: You have a pair of small horns on your head. [potion of mutation]
  5651 | D:5      | Gained mutation: You are dopey. (Int -2) [potion of mutation]
  5752 | D:5      | Reached skill level 5 in Fighting
  5752 | D:5      | Reached skill level 5 in Armour
  6040 | D:5      | Gained mutation: You have razor-sharp toenails. [demonic ancestry]
  6040 | D:5      | Reached XP level 8. HP: 23/63 MP: 10/10
  6320 | D:5      | Reached skill level 5 in Maces & Flails
  7348 | D:6      | Noticed Duvessa
  7350 | D:6      | Noticed Dowan
  7430 | D:5      | HP: 3/64 [Duvessa/short sword of speed (1)]
  7431 | D:5      | Slain by Duvessa

Vault maps used:
D:1:      dpeg_arrival_yet_another_circle
D:2:      kennysheep_the_goblin_king, overflow_temple_1_default,
          nicolae_overflow_hidden_temple, ecumenical_altar_1
D:3:      minivault_23, minivault_19
D:4:      nicolae_dithmenos_the_darkroom, first_bread, uniq_sigmund
D:5:      serial_shops, shop
D:6:      kennysheep_mini_moat, minmay_temple_entry_glassed_door,
          uniq_blork_the_orc, uniq_duvessa, uniq_pikel
Abyss:1:  evilmike_abyss_exit_17

Action                   |  1- 3 |  4- 6 |  7- 9 || total
-------------------------+-------+-------+-------++-------
Melee: Mace              |   162 |   354 |   299 ||   815
Invok: Depart the Abyss  |     1 |       |       ||     1
       Banish            |       |       |     4 ||     4
       Bend Space        |       |       |     1 ||     1
  Use: Potion            |     2 |     2 |     3 ||     7
       Scroll            |       |     2 |     9 ||    11
  Eat: Chunk             |     3 |    10 |     7 ||    20
       Fruit             |       |     1 |     3 ||     4
